 Dungeon Crawl Stone Soup version 0.19-a0-821-gf489216 (webtiles) character file.

58 4thArraOfDagon the Grasshopper (level 3, -5/16 HPs)
             Began as a Felid Warper on June 29, 2016.
             Was an Initiate of Ru.
             Slain by an orc
             ... wielding a +0 flail
              (6 damage)
             ... on level 4 of the Dungeon.
             The game lasted 00:05:54 (938 turns).

4thArraOfDagon the Grasshopper (Felid Warper)        Turns: 938, Time: 00:05:55

Health: -5/16      AC:  1    Str:  7    XL:     3   Next: 75%
Magic:  7/7        EV: 19    Int: 15    God:    Ru [......]
Gold:   88         SH:  0    Dex: 15    Spells: 3 memorised, 1 level left
                                        Lives:  0   Deaths: 1

rFire  . . .     SeeInvis +       - Unarmed
rCold  . . .     Gourm    .     (armour unavailable)
rNeg   . . .     Faith    .     (shield unavailable)
rPois  .         Spirit   .     (helmet unavailable)
rElec  .         Dismiss  .     (cloak unavailable)
rCorr  .         Reflect  .     (gloves unavailable)
SustAt .         Harm     .     (boots unavailable)
MR     .....                    (no amulet)
Stlth  +++.......               (no ring)
                                (no ring)

@: quick, not resistant to hostile enchantments, fairly stealthy
A: no armour, no weapons or thrown items, claws 1, fangs 3, see invisible,
carnivore 3, speed 1, shaggy fur 1, slow metabolism 1, sharp paws
a: Renounce Religion


You were on level 4 of the Dungeon.
You worshipped Ru.
Ru was noncommittal.
You were not hungry.

You visited 1 branch of the dungeon, and saw 5 of its levels.

You collected 88 gold pieces.

Inventory:

Jewellery
 j - a +4 ring of protection {unknown}
Scrolls
 b - a scroll of blinking
 e - a scroll of teleportation {unknown}
 g - 2 scrolls of magic mapping {unknown}
 h - a scroll of remove curse {unknown}
Books
 a - a book of Spatial Translocations

   Spells                             Type                      Level
   a - Apportation                    Translocation                1
   b - Blink                          Translocation                2
   c - Shroud of Golubria             Charms/Translocation         2
   d - Portal Projectile              Translocation                3
   e - Teleport Other                 Translocation                3
   f - Passage of Golubria            Translocation                4
Comestibles
 c - 4 meat rations
 i - 3 slices of pizza


   Skills:
 - Level 2.2 Fighting
 + Level 4.1 Dodging
 + Level 2.6 Stealth
 * Level 3.6 Unarmed Combat
 - Level 2.0 Spellcasting
 - Level 4.4 Translocations


You had one spell level left.
You knew the following spells:

 Your Spells              Type           Power        Failure   Level  Hunger
a - Apportation           Tloc           ##........   4%          1    #......
b - Shroud of Golubria    Chrm/Tloc      #.........   14%         2    ###....
c - Blink                 Tloc           N/A          8%          2    ###....


Dungeon Overview and Level Annotations

Branches:
Dungeon (5/15)
 Temple: D:4-7

Altars:
Fedhas
Ru

Annotations:
D:5 seren's ghost, amateur DsIE


Innate Abilities, Weirdness & Mutations

You cannot wear armour.
You are incapable of wielding weapons or throwing items.
You have sharp claws.
You have razor-sharp teeth.
You have supernaturally acute eyesight. (SInv)
You are carnivorous and can eat meat at any time.
You cover ground quickly.
You are covered in fur. (AC +1)
You have a slow metabolism.
Your sharp claws are effective at attacking unaware monsters.


Message History

The orc shouts! 2 orcs come into view.
There is an empty arch of ancient stone here.
Unknown command.
There is an empty arch of ancient stone here.
An orc comes into view. It is wielding a short sword.
The orc shouts! x2
Unknown command.
The orc shouts!
There is an empty arch of ancient stone here.
As you read the scroll labeled TEUBBA IRCHE, it crumbles to dust.
It is a scroll of recharging.
You aren't carrying any rechargeable items.
You barely miss the orc. The orc hits you with a flail.
* * * LOW HITPOINT WARNING * * *
Unknown command.
You closely miss the orc. You bite the orc.
The orc is severely wounded.
The orc hits you with a flail.
You die...

######.# .. ## .# .###
...### ## ### ##...##
##8# #####8##
###...######...##≈##...##
#......#_...@o.∩...._#
##..#.##...##.##...##
#....###8##≈.≈##8##
#.#...### ##∩#####
#.....## #....# #
###....# #.o### #
##...#.# ##.o# ..
.....#.#.######o.#####
.##
#...........>........#


You could see an orc.

Vanquished Creatures
  An iguana (D:4)
  An orc wizard (D:4)
  2 adders (D:3)
  2 orcs (D:4)
  2 giant cockroaches (D:2)
  6 hobgoblins
  A jackal (D:4)
  A quokka (D:4)
  3 giant newts
  3 goblins
  3 kobolds
  2 rats
27 creatures vanquished.

Notes
Turn   | Place    | Note
--------------------------------------------------------------
     0 | D:1      | 4thArraOfDagon the Felid Warper began the quest for the Orb.
     0 | D:1      | Reached XP level 1. HP: 9/9 MP: 4/4
   149 | D:1      | Reached skill level 1 in Stealth
   203 | D:1      | You fall through a shaft!
   208 | D:2      | Reached XP level 2. HP: 6/13 MP: 6/6
   305 | D:3      | Learned a level 2 spell: Shroud of Golubria
   308 | D:3      | Learned a level 2 spell: Blink
   502 | D:3      | Reached XP level 3. HP: 6/16 MP: 7/7
   727 | D:5      | Entered Level 5 of the Dungeon
   733 | D:5      | jacquesderrida: >>>>>>>>>>>>>>>>>>>>felid
   733 | D:5      | Noticed seren's ghost (amateur DsIE)
   780 | D:4      | jacquesderrida: >>>>>>>>>>>>>>>>>>>>>>>>>>+10 raing mail of all resistances at turn 500
   796 | D:4      | jacquesderrida: heh
   796 | D:4      | Reached XP level 4. HP: 14/19 MP: 8/8
   821 | D:5      | Noticed a sky beast
   866 | D:4      | Found a sacrificial altar of Ru.
   866 | D:4      | Found a blossoming altar of Fedhas.
   876 | D:4      | Mangled by an iguana
   877 | D:4      | Reached XP level 3. HP: -6/16 MP: 7/7
   920 | D:4      | Became a worshipper of Ru the Awakened
   938 | D:4      | Slain by an orc

Vault maps used:
D:1:      kilobyte_arrival_exit_the_forest, minmay_fountain_box
D:2:      minmay_stone_trees_medium, serial_park_tiny_pond, uniq_natasha
D:4:      amethyst_overflow_temple_binary, minmay_small_thing,
          uniq_crazy_yiuf_cottage
D:5:      first_bread, minmay_ogre_servants

Skill      XL: |  1  2  3 |
---------------+----------+-----
Stealth        | 1 2 |  2.6
Unarmed Combat | 3 |  3.6
Dodging        | 4 |  4.1
Fighting       | |  2.2
Spellcasting   | |  2.0
Translocations | |  4.4

Action                   |  1- 3 |  4- 6 || total
-------------------------+-------+-------++-------
Melee: Unarmed           |    86 |    14 ||   100
       Bite              |     6 |       ||     6
       Punch             |     2 |       ||     2
 Cast: Shroud of Golubri |     1 |       ||     1
  Use: Potion            |     5 |     1 ||     6
       Scroll            |     1 |       ||     1
 Stab: Sleeping          |     3 |       ||     3
       Invisible         |       |     1 ||     1
  Eat: Chunk             |     6 |       ||     6
       Pizza             |     1 |       ||     1
Armor: Skin              |    15 |     2 ||    17
Dodge: Dodged            |    74 |    15 ||    89
